[ AOE2 MATCH · #476620249 ]
Team RMSlavs vs Bohemians
[ REPLAY ANALYSIS · EXTRACTED FROM THE RECORDED GAME ]
Feudal
13:24
Castle
20:20
Imperial
—
| APM avg | 12.4 |
| APM peak | 23 |
| eAPM avg | 9.3 |
| Villagers / military | 111 / 6 |
Focus
⚔️ 16.2% · 🌾 83.8%
Knight ×5 · Trade Cart ×5 · Monk ×1
Feudal
13:50
Castle
17:34
Imperial
33:28
| APM avg | 20.6 |
| APM peak | 86 |
| eAPM avg | 10.5 |
| Villagers / military | 55 / 31 |
Focus
⚔️ 24.4% · 🌾 75.6%
Hand Cannoneer ×14 · Bombard Cannon ×9 · Mangonel ×6 · Archer ×2
Feudal
11:20
Castle
20:51
Imperial
—
| APM avg | 12.5 |
| APM peak | 26 |
| eAPM avg | 10.3 |
| Villagers / military | 117 / 41 |
Focus
⚔️ 11.2% · 🌾 88.8%
Bolas Rider ×40 · Trade Cart ×9 · Monk ×1
Feudal
14:00
Castle
18:55
Imperial
—
| APM avg | 19.9 |
| APM peak | 51 |
| eAPM avg | 12.1 |
| Villagers / military | 127 / 71 |
Focus
⚔️ 13.7% · 🌾 86.3%
Longbowman ×70 · Monk ×1
Feudal
10:48
Castle
23:12
Imperial
35:19
| APM avg | 33.7 |
| APM peak | 62 |
| eAPM avg | 23.7 |
| Villagers / military | 115 / 5 |
Focus
⚔️ 13.0% · 🌾 87.0%
Mangonel ×3 · Monk ×1 · Battering Ram ×1
Feudal
13:03
Castle
26:53
Imperial
—
| APM avg | 33.9 |
| APM peak | 85 |
| eAPM avg | 20.6 |
| Villagers / military | 87 / 68 |
Focus
⚔️ 24.3% · 🌾 75.7%
Skirmisher ×30 · Knight ×17 · Militia ×15 · Spearman ×4 · Archer ×2
Feudal
10:37
Castle
18:41
Imperial
32:20
| APM avg | 23.9 |
| APM peak | 56 |
| eAPM avg | 15.4 |
| Villagers / military | 87 / 34 |
Focus
⚔️ 15.3% · 🌾 84.7%
Knight ×30 · Monk ×2 · Trebuchet (Packed) ×2
Feudal
14:15
Castle
18:13
Imperial
—
| APM avg | 32.4 |
| APM peak | 82 |
| eAPM avg | 18.4 |
| Villagers / military | 60 / 17 |
Focus
⚔️ 10.2% · 🌾 89.8%
Hussite Wagon ×11 · Skirmisher ×4 · Mangonel ×2
Match map
Initial resources + every placement click. Lines = walls · curves = elevation contours. ◆ gold · ⬟ stone · ● berries · ✦ relic · ◌ wall gap
Your base· ✓ Closed at 20:20 · 17t walls · 1 gate(s)
AlexTAN's base· ✓ Closed at 17:34 · 13t walls · no gate
Dostoyevski's base· ✓ Closed at 20:51 · 52t walls · 3 gate(s)
xXTOUROXx's base· ✓ Closed at 18:55 · 35t walls · 2 gate(s)
Battosai's base· ✓ Closed at 23:12 · 28t walls · no gate
痛击老外's base· ✓ Closed at 26:53 · 42t walls · 1 gate(s)
Ragna's base· ✓ Closed at 18:41 · 0t walls · no gate
啊斯基烂坦's base· ✓ Closed at 18:13 · 0t walls · no gate
Smoothed initial terrain · ◌ = detected wall gap · hover for details
Inputs per minute
— Dzuk - - AlexTAN
Build order — Dzuk
First 150 of 164 actions detected
| 0:05 | Create | Villager (Male) ×4 |
| 0:07 | Build | House |
| 0:09 | Build | House |
| 1:03 | Research | Loom |
| 1:56 | Create | Villager (Male) |
| 2:34 | Create | Villager (Male) |
| 2:45 | Build | Lumber Camp |
| 2:48 | Create | Villager (Male) |
| 3:27 | Build | Palisade Wall |
| 3:32 | Create | Villager (Male) |
| 4:06 | Create | Villager (Male) |
| 4:31 | Create | Villager (Male) |
| 4:58 | Build | Lumber Camp |
| 5:05 | Create | Villager (Male) |
| 5:38 | Build | House |
| 5:47 | Create | Villager (Male) |
| 6:28 | Create | Villager (Male) |
| 7:06 | Create | Villager (Male) ×2 |
| 7:24 | Build | Palisade Wall |
| 7:38 | Build | House |
| 7:57 | Build | Mill |
| 8:03 | Create | Villager (Male) |
| 8:10 | Build | Mill |
| 8:35 | Create | Villager (Male) ×5 |
| 9:31 | Create | Villager (Male) |
| 9:45 | Build | House |
| 9:48 | Build | House |
| 10:09 | Build | Mill |
| 11:14 | Research | Feudal Age |
| 11:27 | Build | Barracks |
| 12:50 | Build | Farm |
| 13:00 | Create | Villager (Male) |
| 13:24 | Age | Feudal Age |
| 13:28 | Research | Horse Collar |
| 13:32 | Research | Double-Bit Axe |
| 13:46 | Build | House |
| 13:54 | Create | Villager (Male) ×5 |
| 13:56 | Build | Farm |
| 14:00 | Build | Farm |
| 14:02 | Build | Farm |
| 14:05 | Build | Farm |
| 14:12 | Build | Farm |
| 14:24 | Build | Farm |
| 14:37 | Build | Blacksmith |
| 14:48 | Build | Farm |
| 14:51 | Build | Farm |
| 14:55 | Create | Villager (Male) |
| 15:09 | Build | Mining Camp |
| 15:29 | Build | Stable |
| 15:40 | Create | Villager (Male) |
| 15:43 | Build | Farm |
| 15:53 | Create | Villager (Male) |
| 16:06 | Build | Farm |
| 16:19 | Create | Villager (Male) |
| 16:28 | Build | Farm |
| 16:54 | Build | Gate |
| 17:04 | Build | Stone Wall |
| 17:07 | Build | Stone Wall |
| 17:10 | Build | Stone Wall |
| 17:20 | Build | Farm |
| 17:28 | Research | Castle Age |
| 17:38 | Build | Farm |
| 18:38 | Build | Mining Camp |
| 18:52 | Create | Villager (Male) |
| 18:52 | Create | Villager (Male) |
| 18:53 | Create | Villager (Male) |
| 18:54 | Create | Villager (Male) |
| 18:54 | Create | Villager (Male) |
| 18:54 | Create | Villager (Male) |
| 18:55 | Create | Villager (Male) |
| 18:55 | Create | Villager (Male) |
| 18:56 | Create | Villager (Male) |
| 18:58 | Create | Villager (Male) |
| 19:27 | Build | Stone Wall |
| 19:51 | Build | Farm |
| 20:20 | Age | Castle Age |
| 20:24 | Build | Lumber Camp |
| 20:27 | Create | Villager (Male) ×5 |
| 21:25 | Build | Outpost |
| 22:13 | Build | Town Center |
| 22:21 | Create | Villager (Male) |
| 22:35 | Research | Town Watch |
| 22:37 | Research | Wheelbarrow |
| 22:48 | Research | Bloodlines |
| 22:49 | Research | Husbandry |
| 22:53 | Research | Squires |
| 22:53 | Research | Man-at-Arms (upgrade) |
| 22:57 | Research | Gold Mining |
| 23:34 | Research | Forging |
| 23:37 | Research | Scale Mail Armor |
| 23:37 | Research | Scale Barding Armor |
| 23:46 | Build | Farm |
| 23:48 | Create | Villager (Male) ×5 |
| 23:53 | Create | Villager (Male) ×5 |
| 24:06 | Build | House |
| 24:08 | Build | House |
| 24:09 | Build | House |
| 24:11 | Build | House |
| 24:53 | Build | Town Center |
| 24:59 | Create | Villager (Male) |
| 25:04 | Research | Heavy Plow |
| 25:20 | Research | Stone Mining |
| 25:57 | Build | Mining Camp |
| 26:09 | Build | Farm |
| 26:26 | Create | Villager (Male) |
| 26:32 | Create | Villager (Male) ×5 |
| 26:40 | Research | Bow Saw |
| 26:56 | Build | Farm |
| 26:59 | Build | Farm |
| 27:02 | Build | Farm |
| 27:23 | Create | Knight ×5 |
| 27:31 | Create | Villager (Male) ×5 |
| 27:46 | Build | Market |
| 27:48 | Build | Farm |
| 27:50 | Build | Farm |
| 28:07 | Build | Monastery |
| 28:13 | Research | Hand Cart |
| 28:24 | Create | Villager (Male) |
| 28:25 | Create | Villager (Male) |
| 28:25 | Create | Villager (Male) |
| 28:55 | Create | Monk |
| 28:57 | Build | Farm |
| 29:01 | Create | Villager (Male) ×4 |
| 29:09 | Create | Villager (Male) |
| 29:31 | Build | Stable |
| 29:36 | Build | Stable |
| 29:41 | Build | Stable |
| 29:47 | Research | Town Patrol |
| 29:48 | Create | Villager (Male) ×4 |
| 30:36 | Research | Iron Casting |
| 31:32 | Research | Caravan |
| 31:33 | Create | Trade Cart ×5 |
| 31:48 | Create | Villager (Male) ×5 |
| 31:50 | Create | Villager (Male) ×5 |
| 31:53 | Create | Villager (Male) ×5 |
| 32:17 | Build | University |
| 32:35 | Build | University |
| 32:39 | Build | Mining Camp |
| 32:46 | Research | Chain Barding Armor |
| 32:47 | Research | Fletching |
| 32:52 | Build | Farm |
| 32:55 | Build | Farm |
| 33:01 | Build | House |
| 33:03 | Build | House |
| 33:08 | Build | House |
| 33:11 | Build | Lumber Camp |
| 34:00 | Build | Farm |
| 34:13 | Research | Fortified Wall (upgrade) |
| 34:16 | Research | Imperial Age |
| 34:26 | Create | Villager (Male) ×5 |
Build order — AlexTAN
First 150 of 158 actions detected
| 0:01 | Research | Loom |
| 0:02 | Create | Villager (Male) |
| 0:02 | Create | Villager (Male) |
| 0:02 | Create | Villager (Male) |
| 0:02 | Create | Villager (Male) |
| 0:04 | Build | House |
| 0:06 | Build | House |
| 1:41 | Create | Villager (Male) |
| 1:41 | Create | Villager (Male) |
| 1:49 | Build | Palisade Wall |
| 2:19 | Create | Villager (Male) |
| 2:20 | Create | Villager (Male) |
| 2:34 | Build | Palisade Wall |
| 2:55 | Create | Villager (Male) |
| 3:08 | Build | Lumber Camp |
| 3:39 | Create | Villager (Male) |
| 3:58 | Create | Villager (Male) |
| 4:38 | Create | Villager (Male) |
| 4:53 | Build | House |
| 5:14 | Create | Villager (Male) |
| 5:20 | Build | House |
| 5:30 | Create | Villager (Male) |
| 5:30 | Create | Villager (Male) |
| 5:42 | Build | Mill |
| 6:05 | Create | Villager (Male) |
| 6:13 | Build | House |
| 7:05 | Create | Villager (Male) |
| 7:30 | Create | Villager (Male) |
| 7:30 | Create | Villager (Male) |
| 7:30 | Create | Villager (Male) |
| 7:49 | Create | Villager (Male) |
| 8:15 | Create | Villager (Male) |
| 8:15 | Create | Villager (Male) |
| 8:15 | Create | Villager (Male) |
| 9:14 | Build | Farm |
| 9:17 | Create | Villager (Male) |
| 9:45 | Build | Farm |
| 10:06 | Create | Villager (Male) |
| 10:33 | Create | Villager (Male) |
| 10:43 | Build | Farm |
| 10:44 | Build | Farm |
| 10:44 | Build | Farm |
| 10:44 | Build | Farm |
| 10:44 | Build | Farm |
| 10:45 | Build | Farm |
| 11:00 | Research | Feudal Age |
| 11:19 | Build | Mining Camp |
| 12:06 | Build | House |
| 12:19 | Build | Farm |
| 12:49 | Build | Barracks |
| 13:03 | Create | Villager (Male) |
| 13:04 | Create | Villager (Male) |
| 13:50 | Age | Feudal Age |
| 13:54 | Build | Archery Range |
| 13:56 | Create | Villager (Male) |
| 14:06 | Build | Blacksmith |
| 14:54 | Research | Castle Age |
| 15:18 | Build | Palisade Wall |
| 15:47 | Create | Archer |
| 16:45 | Create | Villager (Male) |
| 16:48 | Create | Archer |
| 17:34 | Age | Castle Age |
| 17:42 | Build | Palisade Wall |
| 17:54 | Build | University |
| 18:02 | Build | Palisade Wall |
| 18:05 | Build | Palisade Wall |
| 18:19 | Build | House |
| 18:21 | Build | Palisade Wall |
| 18:25 | Build | House |
| 18:35 | Research | Chemistry |
| 18:41 | Create | Villager (Male) |
| 18:42 | Create | Villager (Male) |
| 18:50 | Create | Villager (Male) |
| 19:16 | Build | Archery Range |
| 19:27 | Build | Archery Range |
| 19:43 | Build | House |
| 19:56 | Build | House |
| 19:59 | Build | Palisade Wall |
| 20:23 | Create | Hand Cannoneer |
| 20:24 | Create | Hand Cannoneer |
| 20:24 | Create | Hand Cannoneer |
| 20:24 | Create | Hand Cannoneer |
| 20:24 | Create | Hand Cannoneer |
| 20:24 | Create | Hand Cannoneer |
| 20:25 | Create | Hand Cannoneer |
| 20:45 | Create | Villager (Male) |
| 20:45 | Create | Villager (Male) |
| 21:10 | Build | Farm |
| 21:10 | Build | Farm |
| 21:11 | Build | Farm |
| 21:11 | Build | Farm |
| 21:11 | Build | Farm |
| 23:37 | Create | Villager (Male) |
| 23:38 | Create | Villager (Male) |
| 23:40 | Create | Hand Cannoneer |
| 23:40 | Create | Hand Cannoneer |
| 23:40 | Create | Hand Cannoneer |
| 23:41 | Create | Hand Cannoneer |
| 23:41 | Create | Hand Cannoneer |
| 23:41 | Create | Hand Cannoneer |
| 23:42 | Create | Hand Cannoneer |
| 23:52 | Build | House |
| 24:12 | Build | House |
| 24:13 | Build | House |
| 24:30 | Create | Villager (Male) |
| 24:31 | Create | Villager (Male) |
| 24:31 | Create | Villager (Male) |
| 24:35 | Build | Siege Workshop |
| 25:08 | Create | Villager (Male) |
| 25:20 | Build | Farm |
| 25:21 | Create | Villager (Male) |
| 26:08 | Create | Mangonel |
| 26:14 | Create | Villager (Male) |
| 27:48 | Create | Villager (Male) |
| 27:48 | Research | Wheelbarrow |
| 27:49 | Create | Villager (Male) |
| 27:50 | Create | Villager (Male) |
| 28:16 | Build | Mining Camp |
| 29:16 | Build | Monastery |
| 29:41 | Build | Stone Wall |
| 29:51 | Build | Gate |
| 30:01 | Research | Imperial Age |
| 30:18 | Create | Mangonel |
| 31:42 | Build | Siege Workshop |
| 31:46 | Create | Villager (Male) |
| 31:47 | Create | Villager (Male) |
| 31:48 | Research | Hand Cart |
| 31:54 | Create | Villager (Male) |
| 32:01 | Build | Farm |
| 32:01 | Build | Farm |
| 32:01 | Build | Farm |
| 32:02 | Build | Farm |
| 32:07 | Create | Villager (Male) |
| 33:07 | Build | House |
| 33:14 | Create | Mangonel |
| 33:15 | Create | Mangonel |
| 33:28 | Age | Imperial Age |
| 33:36 | Create | Bombard Cannon |
| 33:37 | Create | Bombard Cannon |
| 33:49 | Build | House |
| 34:32 | Create | Mangonel |
| 34:33 | Create | Mangonel |
| 34:53 | Build | Barracks |
| 34:54 | Build | Barracks |
| 34:55 | Build | Barracks |
| 35:02 | Build | House |
| 35:40 | Build | House |
| 36:38 | Create | Villager (Male) |
| 36:39 | Create | Villager (Male) |
| 36:40 | Create | Villager (Male) |
Build order — Dostoyevski
First 150 of 259 actions detected
| 0:15 | Build | House |
| 0:18 | Build | House |
| 0:22 | Create | Villager (Male) |
| 0:23 | Research | Loom |
| 0:24 | Create | Villager (Male) |
| 0:25 | Create | Villager (Male) |
| 0:26 | Create | Villager (Male) |
| 0:26 | Create | Villager (Male) |
| 0:40 | Build | Settlement |
| 2:08 | Create | Villager (Male) |
| 2:54 | Create | Villager (Male) |
| 2:55 | Create | Villager (Male) |
| 3:25 | Create | Villager (Male) |
| 3:26 | Create | Villager (Male) |
| 4:17 | Build | Palisade Wall |
| 4:20 | Create | Villager (Male) |
| 4:21 | Create | Villager (Male) |
| 4:21 | Create | Villager (Male) |
| 4:44 | Create | Villager (Male) |
| 4:44 | Create | Villager (Male) |
| 5:14 | Build | Palisade Gate |
| 5:20 | Create | Villager (Male) |
| 5:45 | Create | Villager (Male) |
| 6:55 | Build | Palisade Wall |
| 6:58 | Create | Villager (Male) |
| 7:18 | Create | Villager (Male) |
| 7:32 | Build | Settlement |
| 7:37 | Create | Villager (Male) |
| 8:20 | Create | Villager (Male) |
| 8:21 | Create | Villager (Male) |
| 9:07 | Research | Feudal Age |
| 10:24 | Build | Settlement |
| 11:20 | Age | Feudal Age |
| 11:36 | Create | Villager (Male) |
| 11:37 | Create | Villager (Male) |
| 11:37 | Create | Villager (Male) |
| 11:47 | Create | Villager (Male) |
| 12:27 | Build | Settlement |
| 12:31 | Create | Villager (Male) |
| 12:53 | Build | House |
| 12:56 | Build | House |
| 12:57 | Build | House |
| 13:06 | Create | Villager (Male) |
| 13:20 | Build | Stone Wall |
| 13:25 | Build | Gate |
| 13:34 | Create | Villager (Male) |
| 14:40 | Build | House |
| 14:44 | Create | Villager (Male) |
| 14:44 | Create | Villager (Male) |
| 15:10 | Build | Stone Wall |
| 15:15 | Create | Villager (Male) |
| 15:38 | Build | Market |
| 15:42 | Create | Villager (Male) |
| 15:48 | Build | House |
| 15:50 | Build | House |
| 15:52 | Build | House |
| 15:56 | Create | Villager (Male) |
| 16:21 | Build | Blacksmith |
| 16:56 | Create | Villager (Male) |
| 16:58 | Create | Villager (Male) |
| 16:59 | Create | Villager (Male) |
| 17:22 | Build | Settlement |
| 17:54 | Build | Settlement |
| 18:08 | Research | Castle Age |
| 18:13 | Build | Farm |
| 18:14 | Build | Farm |
| 18:17 | Build | Farm |
| 18:41 | Build | Farm |
| 18:45 | Build | Farm |
| 18:58 | Build | Farm |
| 19:06 | Build | Farm |
| 19:34 | Build | Farm |
| 19:37 | Build | Farm |
| 19:53 | Build | Stone Wall |
| 19:59 | Build | Gate |
| 20:08 | Create | Villager (Male) |
| 20:09 | Create | Villager (Male) |
| 20:14 | Research | Horse Collar |
| 20:18 | Research | Double-Bit Axe |
| 20:26 | Research | Stone Mining |
| 20:30 | Research | Gold Mining |
| 20:51 | Age | Castle Age |
| 21:25 | Build | Town Center |
| 21:41 | Build | Settlement |
| 21:50 | Create | Villager (Male) |
| 21:51 | Create | Villager (Male) |
| 22:11 | Create | Villager (Male) |
| 22:33 | Build | Town Center |
| 22:44 | Build | Farm |
| 22:51 | Build | Farm |
| 22:53 | Create | Villager (Male) |
| 23:07 | Research | Bow Saw |
| 23:26 | Create | Villager (Male) |
| 23:27 | Create | Villager (Male) |
| 23:40 | Build | Farm |
| 24:02 | Create | Trade Cart |
| 24:02 | Create | Trade Cart |
| 24:08 | Create | Villager (Male) |
| 24:08 | Create | Villager (Male) |
| 24:15 | Build | Farm |
| 24:18 | Create | Villager (Male) |
| 24:34 | Research | Heavy Plow |
| 24:43 | Build | Farm |
| 24:47 | Create | Villager (Male) |
| 24:48 | Create | Villager (Male) |
| 25:04 | Build | Farm |
| 25:08 | Create | Villager (Male) |
| 25:08 | Create | Villager (Male) |
| 25:19 | Create | Villager (Male) |
| 25:19 | Create | Villager (Male) |
| 25:30 | Build | Barracks |
| 25:33 | Create | Villager (Male) |
| 25:41 | Build | Farm |
| 25:43 | Create | Villager (Male) |
| 25:50 | Build | Farm |
| 25:55 | Build | Monastery |
| 26:07 | Create | Villager (Male) |
| 26:07 | Create | Villager (Male) |
| 26:10 | Create | Villager (Male) |
| 26:11 | Create | Villager (Male) |
| 26:19 | Build | Settlement |
| 26:33 | Build | Farm |
| 26:48 | Build | Settlement |
| 26:52 | Build | Farm |
| 26:53 | Create | Villager (Male) |
| 26:57 | Create | Monk |
| 27:03 | Build | Farm |
| 27:05 | Create | Villager (Male) |
| 27:08 | Create | Villager (Male) |
| 27:09 | Create | Villager (Male) |
| 27:23 | Build | Settlement |
| 27:35 | Build | Town Center |
| 27:40 | Create | Villager (Male) |
| 27:40 | Create | Villager (Male) |
| 27:43 | Create | Villager (Male) |
| 27:43 | Create | Villager (Male) |
| 27:47 | Create | Villager (Male) |
| 27:47 | Create | Villager (Male) |
| 27:55 | Build | Farm |
| 27:59 | Build | Farm |
| 28:23 | Build | Settlement |
| 28:29 | Build | Farm |
| 28:30 | Create | Villager (Male) |
| 28:31 | Create | Villager (Male) |
| 28:37 | Research | Gold Shaft Mining |
| 28:49 | Build | Farm |
| 28:52 | Create | Villager (Male) |
| 28:53 | Create | Villager (Male) |
| 28:53 | Create | Villager (Male) |
| 29:03 | Build | Settlement |
Build order — xXTOUROXx
149 actions detected in the replay
| 0:05 | Research | Loom |
| 0:06 | Create | Villager (Male) ×4 |
| 0:06 | Create | Villager (Male) ×4 |
| 0:31 | Build | House |
| 0:32 | Build | House |
| 0:53 | Build | Palisade Wall |
| 3:16 | Create | Villager (Male) |
| 3:16 | Create | Villager (Male) |
| 3:36 | Build | Mining Camp |
| 3:58 | Create | Villager (Male) ×2 |
| 3:59 | Create | Villager (Male) ×2 |
| 4:57 | Create | Villager (Male) |
| 4:57 | Create | Villager (Male) ×2 |
| 4:57 | Create | Villager (Male) |
| 5:36 | Create | Villager (Male) ×2 |
| 5:37 | Create | Villager (Male) ×2 |
| 6:33 | Create | Villager (Male) ×2 |
| 6:52 | Build | House |
| 6:54 | Build | House |
| 7:28 | Create | Villager (Male) |
| 7:28 | Create | Villager (Male) |
| 7:28 | Create | Villager (Male) |
| 7:29 | Create | Villager (Male) |
| 7:29 | Create | Villager (Male) |
| 8:13 | Build | Lumber Camp |
| 9:03 | Create | Villager (Male) |
| 9:04 | Create | Villager (Male) ×5 |
| 9:04 | Create | Villager (Male) ×4 |
| 9:14 | Build | House |
| 9:25 | Build | House |
| 10:22 | Build | Mill |
| 10:33 | Build | House |
| 10:34 | Build | House |
| 11:22 | Build | Mining Camp |
| 11:50 | Research | Feudal Age |
| 14:00 | Age | Feudal Age |
| 14:09 | Build | Stone Wall |
| 14:15 | Build | Gate |
| 14:26 | Build | Market |
| 14:32 | Build | Blacksmith |
| 15:15 | Research | Double-Bit Axe |
| 15:34 | Build | Stone Wall |
| 15:38 | Build | Gate |
| 15:46 | Research | Stone Mining |
| 16:15 | Research | Castle Age |
| 17:54 | Research | Gold Mining |
| 18:49 | Research | Wheelbarrow |
| 18:55 | Age | Castle Age |
| 19:02 | Build | Town Center |
| 19:14 | Create | Villager (Male) |
| 19:14 | Create | Villager (Male) |
| 19:32 | Build | Town Center |
| 19:56 | Create | Villager (Male) |
| 19:57 | Create | Villager (Male) |
| 19:57 | Create | Villager (Male) |
| 20:38 | Build | Monastery |
| 20:43 | Create | Villager (Male) |
| 20:43 | Create | Villager (Male) |
| 20:43 | Create | Villager (Male) |
| 21:34 | Create | Villager (Male) |
| 21:34 | Create | Villager (Male) |
| 21:34 | Create | Villager (Male) |
| 21:55 | Create | Villager (Male) |
| 22:05 | Build | Farm |
| 22:10 | Build | Farm |
| 22:18 | Create | Villager (Male) ×2 |
| 22:18 | Create | Villager (Male) ×2 |
| 22:36 | Build | Farm |
| 22:47 | Create | Villager (Male) |
| 23:06 | Create | Villager (Male) |
| 23:06 | Create | Villager (Male) |
| 23:20 | Create | Villager (Male) |
| 23:52 | Build | University |
| 24:04 | Build | Farm |
| 24:05 | Build | Farm |
| 24:08 | Build | Farm |
| 24:09 | Build | Farm |
| 24:10 | Build | Farm |
| 24:25 | Research | Gold Shaft Mining |
| 24:30 | Create | Monk |
| 24:40 | Research | Bow Saw |
| 25:22 | Build | Castle |
| 25:56 | Research | Ballistics |
| 26:02 | Create | Villager (Male) ×3 |
| 26:02 | Create | Villager (Male) ×3 |
| 26:37 | Create | Villager (Male) |
| 26:38 | Create | Villager (Male) |
| 26:38 | Create | Villager (Male) |
| 26:56 | Create | Longbowman ×5 |
| 26:56 | Create | Longbowman ×5 |
| 26:57 | Create | Longbowman ×2 |
| 26:57 | Create | Longbowman ×2 |
| 27:07 | Create | Villager (Male) ×2 |
| 27:07 | Create | Villager (Male) ×2 |
| 27:40 | Build | Farm |
| 27:44 | Create | Villager (Male) |
| 27:44 | Create | Villager (Male) ×2 |
| 27:44 | Create | Villager (Male) |
| 28:07 | Create | Villager (Male) |
| 28:07 | Create | Villager (Male) |
| 28:22 | Build | Farm |
| 28:28 | Build | Farm |
| 28:33 | Create | Villager (Male) ×2 |
| 28:34 | Create | Villager (Male) ×2 |
| 29:10 | Build | Farm |
| 29:30 | Research | Yeomen |
| 29:59 | Create | Villager (Male) ×5 |
| 29:59 | Create | Villager (Male) ×5 |
| 29:59 | Create | Villager (Male) ×2 |
| 30:31 | Research | Fletching |
| 31:07 | Create | Longbowman ×5 |
| 31:07 | Create | Longbowman ×5 |
| 31:07 | Create | Longbowman ×5 |
| 31:08 | Create | Longbowman ×5 |
| 31:29 | Create | Villager (Male) ×4 |
| 31:54 | Build | Mining Camp |
| 32:15 | Build | House |
| 32:16 | Build | House |
| 32:17 | Build | House |
| 32:20 | Research | Bodkin Arrow |
| 32:35 | Build | Mining Camp |
| 32:50 | Create | Villager (Male) ×4 |
| 32:50 | Create | Villager (Male) ×4 |
| 33:16 | Research | Padded Archer Armor |
| 33:24 | Create | Villager (Male) |
| 33:24 | Create | Villager (Male) |
| 33:37 | Build | House |
| 33:38 | Build | House |
| 33:39 | Build | House |
| 34:05 | Build | Castle |
| 34:16 | Create | Longbowman ×5 |
| 34:16 | Create | Longbowman ×5 |
| 34:22 | Create | Villager (Male) |
| 34:22 | Create | Villager (Male) ×4 |
| 34:22 | Create | Villager (Male) ×3 |
| 35:18 | Build | Town Center |
| 35:39 | Research | Leather Archer Armor |
| 35:44 | Create | Villager (Male) ×4 |
| 35:44 | Create | Villager (Male) ×4 |
| 36:09 | Create | Longbowman ×5 |
| 36:09 | Create | Longbowman ×5 |
| 36:09 | Create | Longbowman ×5 |
| 36:10 | Create | Longbowman ×5 |
| 36:10 | Create | Longbowman ×5 |
| 36:10 | Create | Longbowman |
| 36:19 | Create | Villager (Male) ×3 |
| 36:35 | Build | Farm |
| 36:41 | Build | Farm |
| 36:45 | Build | Farm |
Build order — Battosai
First 150 of 252 actions detected
| 0:19 | Create | Villager (Male) ×4 |
| 0:19 | Create | Villager (Male) ×4 |
| 0:21 | Build | House |
| 0:23 | Build | House |
| 1:13 | Research | Loom |
| 1:14 | Research | Loom |
| 1:23 | Create | Villager (Male) |
| 1:24 | Create | Villager (Male) |
| 2:09 | Create | Villager (Male) |
| 2:36 | Build | Palisade Wall |
| 3:07 | Create | Villager (Male) |
| 3:08 | Create | Villager (Male) |
| 3:08 | Create | Villager (Male) |
| 3:47 | Build | Mill |
| 3:51 | Create | Villager (Male) |
| 4:10 | Create | Villager (Male) |
| 4:10 | Create | Villager (Male) |
| 4:25 | Create | Villager (Male) |
| 4:25 | Create | Villager (Male) |
| 4:34 | Build | House |
| 5:28 | Create | Villager (Male) |
| 5:28 | Create | Villager (Male) |
| 5:32 | Create | Villager (Male) |
| 6:27 | Create | Villager (Male) |
| 6:27 | Create | Villager (Male) |
| 6:28 | Create | Villager (Male) |
| 6:28 | Create | Villager (Male) |
| 6:28 | Create | Villager (Male) |
| 7:05 | Build | House |
| 7:13 | Build | Lumber Camp |
| 7:14 | Create | Villager (Male) |
| 7:15 | Create | Villager (Male) |
| 7:15 | Create | Villager (Male) |
| 7:57 | Create | Villager (Male) |
| 8:01 | Build | House |
| 8:04 | Create | Villager (Male) |
| 8:11 | Create | Villager (Male) |
| 8:34 | Build | Mill |
| 8:38 | Research | Feudal Age |
| 8:39 | Research | Feudal Age |
| 9:26 | Create | Villager (Male) |
| 9:39 | Create | Villager (Male) |
| 9:40 | Create | Villager (Male) |
| 10:02 | Build | Mining Camp |
| 10:28 | Build | Mining Camp |
| 10:48 | Age | Feudal Age |
| 10:54 | Research | Double-Bit Axe |
| 11:10 | Build | Stone Wall |
| 11:26 | Build | Watch Tower |
| 11:29 | Create | Villager (Male) |
| 11:55 | Create | Villager (Male) |
| 12:28 | Research | Horse Collar |
| 12:50 | Build | Lumber Camp |
| 13:01 | Create | Villager (Male) |
| 13:02 | Create | Villager (Male) |
| 13:03 | Create | Villager (Male) |
| 13:06 | Research | Wheelbarrow |
| 13:13 | Build | House |
| 13:38 | Build | Market |
| 13:39 | Create | Villager (Male) |
| 14:20 | Build | Farm |
| 14:20 | Build | Farm |
| 14:20 | Build | Farm |
| 14:20 | Build | Farm |
| 14:22 | Build | Farm |
| 14:23 | Build | Farm |
| 14:34 | Create | Villager (Male) |
| 14:36 | Build | Farm |
| 14:36 | Build | Farm |
| 14:40 | Create | Villager (Male) |
| 14:59 | Create | Villager (Male) |
| 15:02 | Build | Farm |
| 15:10 | Build | Farm |
| 15:11 | Build | Farm |
| 15:17 | Build | Farm |
| 15:25 | Build | Farm |
| 15:27 | Build | Farm |
| 15:30 | Create | Villager (Male) |
| 15:53 | Create | Villager (Male) |
| 16:08 | Build | Blacksmith |
| 16:15 | Create | Villager (Male) |
| 16:20 | Research | Town Watch |
| 16:21 | Research | Town Watch |
| 16:21 | Create | Villager (Male) |
| 16:26 | Build | House |
| 16:28 | Build | House |
| 16:33 | Create | Villager (Male) |
| 16:40 | Build | House |
| 17:11 | Create | Villager (Male) |
| 17:14 | Create | Villager (Male) |
| 17:23 | Build | Farm |
| 17:24 | Build | Farm |
| 17:26 | Create | Villager (Male) |
| 17:27 | Create | Villager (Male) |
| 18:00 | Build | Barracks |
| 18:03 | Create | Villager (Male) |
| 18:04 | Research | Gold Mining |
| 18:08 | Create | Villager (Male) |
| 18:10 | Build | Farm |
| 18:11 | Build | Farm |
| 18:12 | Build | Farm |
| 18:31 | Build | Farm |
| 18:51 | Build | Farm |
| 19:04 | Build | Archery Range |
| 19:05 | Build | Archery Range |
| 19:20 | Create | Villager (Male) |
| 19:26 | Build | Farm |
| 19:30 | Build | Farm |
| 19:34 | Create | Villager (Male) |
| 19:45 | Create | Villager (Male) |
| 20:23 | Research | Castle Age |
| 20:56 | Build | Lumber Camp |
| 22:42 | Create | Villager (Male) |
| 22:42 | Create | Villager (Male) |
| 23:06 | Create | Villager (Male) |
| 23:12 | Age | Castle Age |
| 23:28 | Build | Town Center |
| 23:29 | Create | Villager (Male) |
| 23:29 | Create | Villager (Male) |
| 23:32 | Research | Bow Saw |
| 23:33 | Research | Heavy Plow |
| 24:00 | Create | Villager (Male) |
| 24:03 | Research | Hand Cart |
| 24:10 | Research | Stone Mining |
| 24:36 | Build | Siege Workshop |
| 24:39 | Create | Villager (Male) |
| 24:54 | Build | University |
| 24:58 | Create | Villager (Male) |
| 25:10 | Create | Villager (Male) |
| 25:10 | Create | Villager (Male) |
| 25:10 | Create | Villager (Male) |
| 25:11 | Create | Villager (Male) |
| 25:11 | Create | Villager (Male) |
| 25:40 | Build | Farm |
| 25:41 | Build | Farm |
| 25:41 | Build | Farm |
| 25:51 | Create | Villager (Male) |
| 25:58 | Build | Farm |
| 26:03 | Research | Town Patrol |
| 26:03 | Research | Town Patrol |
| 26:07 | Research | Town Patrol |
| 26:08 | Create | Villager (Male) |
| 26:24 | Build | Monastery |
| 26:29 | Create | Villager (Male) |
| 26:37 | Research | Stone Shaft Mining |
| 26:50 | Create | Battering Ram |
| 26:52 | Create | Mangonel |
| 26:58 | Create | Villager (Male) |
| 27:03 | Build | House |
| 27:04 | Build | House |
Build order — 痛击老外
First 150 of 257 actions detected
| 0:01 | Create | Villager (Male) |
| 0:02 | Create | Villager (Male) |
| 0:02 | Create | Villager (Male) |
| 0:02 | Create | Villager (Male) |
| 0:03 | Create | Villager (Male) |
| 0:03 | Create | Villager (Male) |
| 0:04 | Build | House |
| 0:05 | Build | House |
| 0:25 | Build | Palisade Wall |
| 1:28 | Create | Villager (Male) |
| 1:28 | Create | Villager (Male) |
| 2:14 | Create | Villager (Male) |
| 2:14 | Create | Villager (Male) |
| 2:15 | Research | Loom |
| 2:15 | Research | Loom |
| 2:44 | Create | Villager (Male) |
| 2:45 | Create | Villager (Male) |
| 2:45 | Create | Villager (Male) |
| 2:47 | Build | Lumber Camp |
| 3:07 | Create | Villager (Male) |
| 3:20 | Create | Villager (Male) |
| 3:20 | Create | Villager (Male) |
| 4:05 | Create | Villager (Male) |
| 4:18 | Create | Villager (Male) |
| 4:38 | Build | House |
| 4:56 | Create | Villager (Male) |
| 5:27 | Build | Mill |
| 5:29 | Create | Villager (Male) |
| 5:42 | Create | Villager (Male) |
| 6:12 | Create | Villager (Male) |
| 6:24 | Create | Villager (Male) |
| 6:34 | Build | House |
| 6:56 | Create | Villager (Male) |
| 7:21 | Create | Villager (Male) |
| 7:26 | Build | Mill |
| 7:50 | Build | Palisade Wall |
| 7:54 | Create | Villager (Male) |
| 8:14 | Create | Villager (Male) |
| 8:51 | Create | Villager (Male) |
| 9:02 | Build | House |
| 9:25 | Create | Villager (Male) |
| 9:42 | Create | Villager (Male) |
| 10:14 | Create | Villager (Male) |
| 10:30 | Create | Villager (Male) |
| 10:50 | Research | Feudal Age |
| 10:50 | Research | Feudal Age |
| 10:53 | Create | Villager (Male) |
| 11:14 | Build | House |
| 11:19 | Build | Barracks |
| 11:53 | Build | Lumber Camp |
| 13:03 | Age | Feudal Age |
| 13:09 | Build | Stone Wall |
| 13:12 | Build | Stone Wall |
| 13:14 | Build | Gate |
| 13:16 | Create | Villager (Male) |
| 13:17 | Research | Man-at-Arms (upgrade) |
| 13:30 | Build | Blacksmith |
| 13:31 | Build | Market |
| 13:36 | Create | Villager (Male) |
| 13:38 | Build | Mining Camp |
| 13:55 | Create | Villager (Male) |
| 14:02 | Create | Villager (Male) |
| 14:29 | Create | Militia |
| 14:31 | Research | Arson |
| 14:32 | Create | Militia |
| 14:33 | Create | Militia |
| 14:44 | Create | Militia |
| 15:12 | Create | Militia |
| 15:14 | Create | Villager (Male) |
| 15:24 | Build | Farm |
| 15:25 | Build | Farm |
| 15:25 | Build | Farm |
| 15:26 | Build | Farm |
| 15:27 | Build | Farm |
| 15:28 | Build | Farm |
| 15:28 | Build | Farm |
| 15:29 | Build | Farm |
| 15:30 | Build | Farm |
| 15:34 | Create | Villager (Male) |
| 15:39 | Research | Forging |
| 15:40 | Research | Scale Mail Armor |
| 15:42 | Build | House |
| 15:46 | Build | House |
| 16:13 | Build | House |
| 16:14 | Build | House |
| 16:18 | Create | Militia |
| 16:39 | Build | Archery Range |
| 17:14 | Create | Militia |
| 17:17 | Create | Villager (Male) |
| 17:18 | Create | Villager (Male) |
| 17:51 | Create | Militia |
| 17:51 | Create | Militia |
| 17:59 | Create | Archer |
| 17:59 | Create | Archer |
| 18:01 | Create | Villager (Male) |
| 18:04 | Create | Militia |
| 18:17 | Create | Militia |
| 18:22 | Create | Militia |
| 18:26 | Create | Villager (Male) |
| 18:31 | Build | Farm |
| 18:32 | Build | Farm |
| 18:32 | Build | Farm |
| 18:33 | Build | Farm |
| 18:33 | Build | Farm |
| 18:36 | Create | Militia |
| 18:45 | Build | House |
| 18:45 | Build | House |
| 18:45 | Build | House |
| 18:48 | Create | Villager (Male) |
| 19:09 | Create | Villager (Male) |
| 19:37 | Create | Militia |
| 19:42 | Build | Farm |
| 19:44 | Create | Villager (Male) |
| 20:03 | Create | Villager (Male) |
| 20:16 | Build | Farm |
| 20:32 | Create | Skirmisher |
| 20:33 | Create | Skirmisher |
| 20:42 | Create | Militia |
| 20:45 | Create | Villager (Male) |
| 20:46 | Create | Villager (Male) |
| 20:50 | Build | Farm |
| 20:50 | Build | Farm |
| 20:54 | Create | Villager (Male) |
| 20:56 | Build | House |
| 21:20 | Create | Villager (Male) |
| 21:37 | Create | Villager (Male) |
| 21:41 | Create | Skirmisher |
| 21:42 | Create | Skirmisher |
| 21:55 | Create | Skirmisher |
| 21:55 | Create | Skirmisher |
| 22:17 | Create | Skirmisher |
| 22:18 | Create | Skirmisher |
| 22:19 | Create | Skirmisher |
| 22:32 | Create | Skirmisher |
| 22:51 | Create | Skirmisher |
| 23:08 | Create | Skirmisher |
| 23:09 | Create | Skirmisher |
| 23:10 | Create | Villager (Male) |
| 23:14 | Create | Spearman |
| 23:14 | Create | Spearman |
| 23:15 | Create | Spearman |
| 23:29 | Create | Spearman |
| 23:32 | Create | Skirmisher |
| 23:32 | Create | Skirmisher |
| 23:33 | Create | Skirmisher |
| 23:46 | Create | Skirmisher |
| 24:01 | Create | Skirmisher |
| 24:08 | Build | Farm |
| 24:08 | Build | Farm |
| 24:09 | Build | Farm |
Build order — Ragna
First 150 of 234 actions detected
| 0:01 | Create | Villager (Male) |
| 0:01 | Create | Villager (Male) |
| 0:02 | Build | House |
| 0:04 | Build | House |
| 0:52 | Create | Villager (Male) |
| 0:52 | Create | Villager (Male) |
| 0:52 | Create | Villager (Male) |
| 0:53 | Create | Villager (Male) |
| 0:53 | Create | Villager (Male) |
| 2:16 | Create | Villager (Male) |
| 2:26 | Create | Villager (Male) |
| 2:55 | Create | Villager (Male) |
| 3:07 | Build | Lumber Camp |
| 3:11 | Create | Villager (Male) |
| 3:25 | Create | Villager (Male) |
| 3:32 | Build | House |
| 4:32 | Create | Villager (Male) |
| 5:04 | Create | Villager (Male) |
| 5:05 | Create | Villager (Male) |
| 5:06 | Create | Villager (Male) |
| 5:45 | Build | Mill |
| 5:50 | Create | Villager (Male) |
| 6:08 | Create | Villager (Male) |
| 6:16 | Research | Loom |
| 6:18 | Create | Villager (Male) |
| 6:47 | Research | Loom |
| 6:53 | Build | House |
| 7:39 | Build | Farm |
| 7:42 | Build | Farm |
| 8:27 | Research | Feudal Age |
| 8:51 | Build | Farm |
| 9:02 | Build | Barracks |
| 9:05 | Create | Villager (Male) |
| 9:06 | Create | Villager (Male) |
| 9:17 | Build | House |
| 9:20 | Build | House |
| 10:37 | Age | Feudal Age |
| 10:41 | Research | Double-Bit Axe |
| 10:57 | Create | Villager (Male) |
| 11:09 | Build | Mining Camp |
| 11:18 | Create | Villager (Male) |
| 11:20 | Create | Villager (Male) |
| 11:56 | Build | Farm |
| 11:58 | Build | Farm |
| 12:04 | Research | Horse Collar |
| 12:24 | Create | Villager (Male) |
| 12:31 | Create | Villager (Male) |
| 12:44 | Build | Stable |
| 12:49 | Build | Mining Camp |
| 12:52 | Create | Villager (Male) |
| 13:09 | Build | Market |
| 13:12 | Create | Villager (Male) |
| 13:29 | Build | Farm |
| 13:32 | Build | Farm |
| 14:00 | Build | Farm |
| 14:03 | Create | Villager (Male) |
| 14:07 | Build | Farm |
| 14:45 | Create | Villager (Male) |
| 15:40 | Build | Farm |
| 16:01 | Research | Castle Age |
| 16:01 | Research | Castle Age |
| 16:28 | Build | House |
| 16:29 | Build | House |
| 16:30 | Build | House |
| 16:31 | Build | House |
| 16:33 | Build | House |
| 17:06 | Build | Farm |
| 17:10 | Build | Farm |
| 17:17 | Create | Villager (Male) |
| 17:17 | Create | Villager (Male) |
| 17:23 | Build | Farm |
| 17:24 | Build | Farm |
| 18:41 | Age | Castle Age |
| 18:42 | Build | Town Center |
| 18:55 | Build | Town Center |
| 19:11 | Create | Villager (Male) |
| 19:12 | Create | Villager (Male) |
| 19:12 | Create | Villager (Male) |
| 19:44 | Create | Villager (Male) |
| 19:45 | Create | Villager (Male) |
| 20:21 | Create | Villager (Male) |
| 20:21 | Create | Villager (Male) |
| 20:21 | Create | Villager (Male) |
| 20:22 | Create | Villager (Male) |
| 20:42 | Create | Villager (Male) |
| 20:42 | Create | Villager (Male) |
| 20:42 | Create | Villager (Male) |
| 20:42 | Create | Villager (Male) |
| 20:44 | Create | Villager (Male) |
| 20:48 | Create | Villager (Male) |
| 20:50 | Create | Villager (Male) |
| 20:52 | Create | Villager (Male) |
| 21:05 | Build | Monastery |
| 21:25 | Create | Knight |
| 21:25 | Create | Knight |
| 21:25 | Create | Knight |
| 21:25 | Create | Knight |
| 21:30 | Build | Stable |
| 21:38 | Create | Monk |
| 21:38 | Create | Monk |
| 21:58 | Research | Bloodlines |
| 21:59 | Research | Husbandry |
| 22:36 | Build | Blacksmith |
| 22:41 | Create | Villager (Male) |
| 22:41 | Create | Villager (Male) |
| 22:41 | Create | Villager (Male) |
| 22:41 | Create | Villager (Male) |
| 22:42 | Create | Villager (Male) |
| 22:42 | Create | Villager (Male) |
| 22:42 | Create | Villager (Male) |
| 22:42 | Create | Villager (Male) |
| 23:46 | Create | Villager (Male) |
| 23:46 | Create | Villager (Male) |
| 23:51 | Build | Farm |
| 23:51 | Build | Farm |
| 23:52 | Build | Farm |
| 23:55 | Build | Farm |
| 23:55 | Build | Farm |
| 23:58 | Research | Heavy Plow |
| 24:01 | Build | Farm |
| 24:01 | Build | Farm |
| 24:01 | Build | Farm |
| 24:01 | Build | Farm |
| 24:04 | Build | Farm |
| 24:05 | Build | Farm |
| 24:05 | Build | Farm |
| 24:05 | Build | Farm |
| 24:07 | Build | Farm |
| 24:45 | Create | Knight |
| 24:46 | Create | Knight |
| 24:56 | Build | Farm |
| 25:08 | Research | Scale Barding Armor |
| 25:20 | Research | Wheelbarrow |
| 25:33 | Create | Villager (Male) |
| 25:33 | Create | Villager (Male) |
| 25:33 | Create | Villager (Male) |
| 25:56 | Create | Villager (Male) |
| 25:57 | Create | Villager (Male) |
| 26:49 | Create | Villager (Male) |
| 26:51 | Create | Villager (Male) |
| 27:07 | Build | Castle |
| 27:16 | Create | Villager (Male) |
| 27:25 | Build | Farm |
| 27:29 | Build | Farm |
| 27:32 | Build | Farm |
| 27:40 | Build | Farm |
| 28:00 | Create | Villager (Male) |
| 28:04 | Create | Villager (Male) |
| 28:06 | Create | Villager (Male) |
| 28:06 | Create | Villager (Male) |
Build order — 啊斯基烂坦
143 actions detected in the replay
| 0:03 | Create | Villager (Male) |
| 0:03 | Create | Villager (Male) |
| 0:03 | Create | Villager (Male) |
| 0:10 | Build | House |
| 0:11 | Build | House |
| 0:13 | Build | House |
| 1:05 | Create | Villager (Male) |
| 1:05 | Create | Villager (Male) |
| 1:46 | Create | Villager (Male) |
| 1:47 | Create | Villager (Male) |
| 2:22 | Create | Villager (Male) |
| 2:33 | Create | Villager (Male) |
| 3:12 | Create | Villager (Male) |
| 3:39 | Create | Villager (Male) |
| 4:23 | Create | Villager (Male) |
| 4:32 | Create | Villager (Male) |
| 4:58 | Build | Lumber Camp |
| 5:04 | Create | Villager (Male) |
| 5:34 | Create | Villager (Male) |
| 6:25 | Create | Villager (Male) |
| 6:38 | Build | Mill |
| 7:07 | Create | Villager (Male) |
| 7:20 | Build | House |
| 7:27 | Create | Villager (Male) |
| 7:52 | Build | House |
| 7:56 | Create | Villager (Male) |
| 8:33 | Create | Villager (Male) |
| 8:48 | Create | Villager (Male) |
| 9:22 | Create | Villager (Male) |
| 9:56 | Create | Villager (Male) |
| 10:22 | Create | Villager (Male) |
| 10:28 | Build | House |
| 10:48 | Create | Villager (Male) |
| 12:05 | Research | Feudal Age |
| 12:28 | Build | Mining Camp |
| 13:41 | Build | Mining Camp |
| 13:46 | Create | Villager (Male) |
| 14:15 | Age | Feudal Age |
| 14:18 | Build | Market |
| 14:24 | Build | Blacksmith |
| 14:27 | Create | Villager (Male) |
| 15:04 | Create | Villager (Male) |
| 15:33 | Research | Castle Age |
| 15:42 | Build | Barracks |
| 16:14 | Create | Villager (Male) |
| 17:13 | Build | Farm |
| 17:13 | Build | Farm |
| 17:13 | Build | Farm |
| 17:14 | Build | Farm |
| 17:14 | Build | Farm |
| 17:14 | Build | Farm |
| 17:15 | Build | Farm |
| 17:15 | Build | Farm |
| 17:28 | Build | Farm |
| 18:13 | Age | Castle Age |
| 18:16 | Create | Villager (Male) |
| 18:36 | Create | Villager (Male) |
| 18:36 | Create | Villager (Male) |
| 18:56 | Build | Castle |
| 19:19 | Create | Villager (Male) |
| 19:41 | Build | Castle |
| 19:52 | Build | House |
| 20:01 | Create | Villager (Male) |
| 20:01 | Create | Villager (Male) |
| 20:14 | Create | Villager (Male) |
| 20:25 | Build | House |
| 20:46 | Research | Double-Bit Axe |
| 20:48 | Research | Horse Collar |
| 21:07 | Build | House |
| 22:07 | Create | Villager (Male) |
| 22:07 | Create | Villager (Male) |
| 22:21 | Create | Villager (Male) |
| 22:21 | Create | Villager (Male) |
| 22:31 | Create | Villager (Male) |
| 23:19 | Create | Villager (Male) |
| 23:55 | Build | Archery Range |
| 24:10 | Create | Villager (Male) |
| 24:11 | Create | Villager (Male) |
| 24:20 | Build | Siege Workshop |
| 24:36 | Create | Villager (Male) |
| 24:48 | Build | Town Center |
| 24:53 | Create | Mangonel |
| 24:56 | Research | Elite Skirmisher (upgrade) |
| 24:56 | Create | Skirmisher |
| 25:23 | Build | Castle |
| 26:13 | Create | Skirmisher |
| 26:13 | Create | Skirmisher |
| 26:13 | Create | Skirmisher |
| 26:22 | Create | Villager (Male) |
| 26:23 | Create | Villager (Male) |
| 26:27 | Build | House |
| 26:39 | Create | Hussite Wagon |
| 26:39 | Create | Hussite Wagon |
| 26:40 | Create | Hussite Wagon |
| 26:40 | Create | Hussite Wagon |
| 27:26 | Build | Mining Camp |
| 27:33 | Research | Heavy Plow |
| 27:37 | Create | Villager (Male) |
| 27:37 | Create | Villager (Male) |
| 27:45 | Build | House |
| 28:08 | Create | Villager (Male) |
| 28:08 | Create | Villager (Male) |
| 28:08 | Create | Villager (Male) |
| 28:14 | Create | Villager (Male) |
| 28:14 | Create | Villager (Male) |
| 28:35 | Build | House |
| 28:44 | Build | Farm |
| 28:44 | Build | Farm |
| 28:46 | Build | Farm |
| 28:47 | Build | Farm |
| 28:55 | Build | Farm |
| 29:03 | Create | Villager (Male) |
| 29:17 | Build | Farm |
| 29:33 | Build | University |
| 30:02 | Create | Hussite Wagon |
| 30:02 | Create | Hussite Wagon |
| 30:25 | Build | Castle |
| 30:31 | Create | Hussite Wagon |
| 31:17 | Create | Hussite Wagon |
| 31:17 | Create | Hussite Wagon |
| 31:22 | Build | Farm |
| 31:23 | Build | Farm |
| 31:23 | Build | Farm |
| 31:38 | Create | Villager (Male) |
| 31:38 | Create | Villager (Male) |
| 31:39 | Create | Villager (Male) |
| 31:46 | Build | Farm |
| 31:46 | Build | Farm |
| 31:47 | Build | Farm |
| 31:50 | Create | Villager (Male) |
| 32:09 | Create | Mangonel |
| 32:58 | Research | Wagenburg Tactics |
| 33:33 | Build | Farm |
| 33:33 | Build | Farm |
| 33:33 | Build | Farm |
| 33:34 | Build | Farm |
| 33:34 | Build | Farm |
| 33:41 | Create | Villager (Male) |
| 35:02 | Research | Imperial Age |
| 35:15 | Create | Hussite Wagon |
| 35:15 | Create | Hussite Wagon |
| 35:26 | Build | Stable |
| 36:44 | Build | House |
Match timeline
| 0:25 | 痛击老外 · wall_segment Palisade Wall x18 |
| 0:53 | xXTOUROXx · wall_segment Palisade Wall x12 |
| 1:49 | AlexTAN · wall_segment Palisade Wall x11 |
| 2:34 | AlexTAN · wall_segment Palisade Wall x1 |
| 2:36 | Battosai · wall_segment Palisade Wall x12 |
| 3:27 | Dzuk · wall_segment Palisade Wall x12 |
| 4:17 | Dostoyevski · wall_segment Palisade Wall x14 |
| 6:55 | Dostoyevski · wall_segment Palisade Wall x5 |
| 7:24 | Dzuk · wall_segment Palisade Wall x1 |
| 7:50 | 痛击老外 · wall_segment Palisade Wall x1 |
| 9:02 | Ragna · first_building Barracks |
| 10:37 | Ragna · age_up feudal |
| 10:48 | Battosai · age_up feudal |
| 11:10 | Battosai · wall_segment Stone Wall x17 |
| 11:19 | 痛击老外 · first_building Barracks |
| 11:20 | Dostoyevski · age_up feudal |
| 11:27 | Dzuk · first_building Barracks |
| 12:44 | Ragna · first_building Stable |
| 12:49 | AlexTAN · first_building Barracks |
| 13:03 | 痛击老外 · age_up feudal |
| 13:09 | 痛击老外 · wall_segment Stone Wall x5 |
| 13:12 | 痛击老外 · wall_segment Stone Wall x19 |
| 13:20 | Dostoyevski · wall_segment Stone Wall x10 |
| 13:24 | Dzuk · age_up feudal |
| 13:50 | AlexTAN · age_up feudal |
| 13:54 | AlexTAN · first_building Archery Range |
| 14:00 | xXTOUROXx · age_up feudal |
| 14:09 | xXTOUROXx · wall_segment Stone Wall x13 |
| 14:15 | 啊斯基烂坦 · age_up feudal |
| 14:23 | 痛击老外 · first_market_sell 100 stone |
| 15:10 | Dostoyevski · wall_segment Stone Wall x8 |
| 15:18 | AlexTAN · wall_segment Palisade Wall x1 |
| 15:25 | 啊斯基烂坦 · first_market_sell 100 wood |
| 15:26 | 啊斯基烂坦 · first_market_buy 100 food |
| 15:29 | Dzuk · first_building Stable |
| 15:34 | xXTOUROXx · wall_segment Stone Wall x10 |
| 15:42 | 啊斯基烂坦 · first_building Barracks |
| 16:36 | 痛击老外 · first_market_buy 100 wood |
| 16:39 | 痛击老外 · first_building Archery Range |
| 17:04 | Dzuk · wall_segment Stone Wall x4 |
| 17:07 | Dzuk · wall_segment Stone Wall x1 |
| 17:10 | Dzuk · wall_segment Stone Wall x2 |
| 17:34 | AlexTAN · age_up castle |
| 17:42 | AlexTAN · wall_segment Palisade Wall x1 |
| 18:00 | Battosai · first_building Barracks |
| 18:02 | AlexTAN · wall_segment Palisade Wall x1 |
| 18:05 | AlexTAN · wall_segment Palisade Wall x1 |
| 18:13 | 啊斯基烂坦 · age_up castle |
| 18:21 | AlexTAN · wall_segment Palisade Wall x1 |
| 18:41 | Ragna · age_up castle |
| 18:55 | xXTOUROXx · age_up castle |
| 18:56 | 啊斯基烂坦 · first_building Castle |
| 19:04 | Battosai · first_building Archery Range |
| 19:27 | Dzuk · wall_segment Stone Wall x1 |
| 19:53 | Dostoyevski · wall_segment Stone Wall x15 |
| 19:59 | AlexTAN · wall_segment Palisade Wall x4 |
| 20:20 | Dzuk · age_up castle |
| 20:38 | xXTOUROXx · first_building Monastery |
| 20:51 | Dostoyevski · age_up castle |
| 21:05 | Ragna · first_building Monastery |
| 23:12 | Battosai · age_up castle |
| 23:21 | Battosai · first_market_buy 100 stone |
| 23:55 | 啊斯基烂坦 · first_building Archery Range |
| 24:20 | 啊斯基烂坦 · first_building Siege Workshop |
| 24:35 | AlexTAN · first_building Siege Workshop |
| 24:36 | Battosai · first_building Siege Workshop |
| 25:22 | xXTOUROXx · first_building Castle |
| 25:30 | Dostoyevski · first_building Barracks |
| 25:55 | Dostoyevski · first_building Monastery |
| 26:24 | Battosai · first_building Monastery |
| 26:53 | 痛击老外 · age_up castle |
| 27:07 | Ragna · first_building Castle |
| 28:02 | 痛击老外 · first_building Stable |
| 28:07 | Dzuk · first_building Monastery |
| 29:16 | AlexTAN · first_building Monastery |
| 29:25 | Dostoyevski · first_building Archery Range |
| 29:41 | AlexTAN · wall_segment Stone Wall x9 |
| 29:48 | Dostoyevski · first_building Castle |
| 31:27 | 痛击老外 · first_building Siege Workshop |
| 31:35 | Battosai · wall_segment Stone Wall x1 |
| 32:00 | Battosai · first_building Castle |
| 32:20 | Ragna · age_up imperial |
| 33:04 | Battosai · first_market_sell 100 food |
| 33:28 | AlexTAN · age_up imperial |
| 34:01 | 痛击老外 · first_building Monastery |
| 35:19 | Battosai · age_up imperial |
| 35:26 | 啊斯基烂坦 · first_building Stable |
[ AI ANALYSIS · 1 CREDIT ]
What really happened in this match?
Wolo.gg analyzes every decision: build order, eco, micro, common mistakes by bracket. Personalized analysis on WhatsApp or Discord in 30 seconds.
Civ guide
Slavs
Map guide
Black Forest
Perfil
Jugador #4711037